 Dungeon Crawl Stone Soup version 0.31-a0-229-g1fc7ce93e2 (webtiles) character file.

Game seed: 14955268843847014054

21 qw the Shooter (level 2, -2/17 HPs)
             Began as a Gargoyle Hexslinger on July 6, 2023.
             Slain by an orc priest
             ... wielding a +0 flail
              (4 damage)
             ... on level 2 of the Dungeon.
             The game lasted 00:00:12 (264 turns).

qw the Shooter (Gargoyle Hexslinger)                 Turns: 264, Time: 00:00:12

Health: -2/17      AC:  4    Str: 11    XL:     2   Next: 87%
Magic:  3/3        EV: 12    Int: 13    God:
Gold:   64         SH:  0    Dex: 12    Spells: 2/3 levels left

rFire   . . .        a - +1 sling
rCold   . . .        (no shield)
rNeg    + . .        c - +0 robe
rPois   inf          (no helmet)
rElec   +            (no cloak)
rCorr   .            (no gloves)
SInv    .            (no boots)
Will    .....        (no amulet)
Stlth   +            (no ring)
HPRegen 0.22/turn    (no ring)
MPRegen 0.08/turn

%: no passive effects
@: no status effects
A: sickness immunity, AC +2, negative energy resistance 1, electricity
resistance, torment resistance 1, petrification resistance
a: no special abilities


You were on level 2 of the Dungeon.
You visited 1 branch of the dungeon, and saw 2 of its levels.

You collected 64 gold pieces.


Innate Abilities, Weirdness & Mutations

You are immune to sickness and miasma.
Your stone body is resilient. (AC +2)
You are immune to poison.
You resist negative energy. (rN+)
You are resistant to electric shocks. (rElec)
You are resistant to unholy torment.
You are immune to petrification.


   Skills:
 + Level 1.7 Fighting
 - Level 3.0 Ranged Weapons
 - Level 1.5 Dodging
 - Level 1.0 Spellcasting
 - Level 2.6 Hexes


You had 2 spell levels left.
You knew the following spells:

 Your Spells              Type           Power      Damage    Failure   Level
a - Slow                  Hex            28%        N/A       10%         1

Your spell library contained the following spells:

 Spells                   Type           Power      Damage    Failure   Level
 Inner Flame              Hex/Fire       4%         N/A       43%         3
 Portal Projectile        Hex/Tloc       8%         N/A       43%         3
 Cause Fear               Hex            3%         N/A       67%         4

Inventory:

Hand Weapons
 a - a +1 sling (weapon)
Armour
 c - a +0 robe (worn)
 f - a +0 pair of gloves of strength
Scrolls
 b - a scroll of poison
 d - a scroll of teleportation {unknown}
 e - a scroll of amnesia {unknown}
 h - a scroll of identify {unknown}
Potions
 g - a potion of curing {unknown}

Dungeon Overview and Level Annotations

Branches:
Dungeon (1/15)

Altars:

Shops:
D:2 *


Message History

You shoot a sling bullet.
The sling bullet hits the quokka but does no damage.
The quokka barely misses you. The quokka bites you.
You shoot a sling bullet. The sling bullet hits the quokka.
You kill the quokka!
You start resting.
HP restored.
Things that are here:
a +0 club; a hobgoblin corpse A sourceless malevolence fills the Dungeon...
You fall into a shaft and drop 1 floor!
The shaft crumbles and collapses. 2 orcs and 2 orc priests come into view.
The orc priest shouts!
The orc shouts! x2; You hear an angry hiss.
The orc priest moves out of view.
Waypoint 1 assigned to D:2.
You shoot a sling bullet. The sling bullet hits the orc!
You kill the orc!
258 ||| Stepping ~*~*~tactically~*~*~ (outnumbered).
You shoot a sling bullet.
The sling bullet hits the orc priest but does no damage.
The orc priest looks satisfied for a moment.
The orc priest invokes the aid of Beogh against you.
Pain shoots through your body!
You shoot a sling bullet.
The sling bullet closely misses the orc priest.
The orc priest hits you with a +0 club.
An adder comes into view.
You shoot a sling bullet. The sling bullet hits the orc priest.
The orc priest is moderately wounded.
The orc priest hits you with a +0 club. The orc priest barely misses you.
The orc priest hits you with a +0 flail.
The orc priest hits you with a +0 club.
You shoot a sling bullet. The sling bullet hits the orc priest.
The orc priest is moderately wounded.
The orc priest barely misses you. x2
You shoot a sling bullet.
The sling bullet barely misses the orc priest.
The orc priest closely misses you.
The orc priest hits you with a +0 flail.
You die...

#.# # #.# #. #.#
#.. #.# #... #.#
#....##.###.###
.......oooS....
##@## #+##...#
#.###.## #.# #.#
#. #.# #.#
#...###.###.###.#
................#
#...###.#######.#
## #.........


You could see 2 orc priests, an adder and an orc.

Vanquished Creatures
  An orc (D:2)
  2 bats (D:1)
  2 giant cockroaches (D:1)
  3 goblins (D:1)
  5 hobgoblins (D:1)
  2 quokkas (D:1)
15 creatures vanquished.

Notes
Turn   | Place    | Note
-------+----------+-------------------------------------------
     0 | D:1      | qw the Gargoyle Hexslinger began the quest for the Orb.
     0 | D:1      | Reached XP level 1. HP: 12/12 MP: 2/2
     0 | D:1      | 0 ||| qw: Version: 0.3-a-46-gb1f654a
     0 | D:1      | 0 ||| qw: Game counter: 1514
     0 | D:1      | 0 ||| qw: Melee chars always use a shield: true
     0 | D:1      | 0 ||| qw: God list: Okawaru
     0 | D:1      | 0 ||| qw: Allow faded altars: false
     0 | D:1      | 0 ||| qw: Do Orc after clearing Dungeon:15 true
     0 | D:1      | 0 ||| qw: Do second Lair branch before Depths: true
     0 | D:1      | 0 ||| qw: Lair rune preference: random
     0 | D:1      | 0 ||| qw: Goals: Normal
     0 | D:1      | 0 ||| PLANNING D:1-11
    50 | D:1      | Reached XP level 2. HP: 16/16 MP: 3/3
   205 | D:1      | Reached skill level 3 in Ranged Weapons
   240 | D:1      | You fall into a shaft and drop 1 floor!
   249 | D:2      | Found Epuddarr's Assorted Antiques.
   258 | D:2      | 258 ||| Stepping ~*~*~tactically~*~*~ (outnumbered).
   262 | D:2      | HP: 1/17 [orc priest/+0 club (4)]
   264 | D:2      | Slain by an orc priest

Levels and vault maps discovered:
D:1:      tarquinn_simple_flora_water_e, layout_loops_ring, st_stairs_10,
          minmay_3d_cube
D:2:      layout_basic, serial_shops, shop, nicolae_shop_crystal,
          minmay_rat_gold_closets

Skill      XL: |  1  2 |
---------------+-------+-----
Ranged Weapons | 3 |  3.0
Fighting       | |  1.7
Dodging        | |  1.5
Spellcasting   | |  1.0
Hexes          | |  2.6

Action                     || total
---------------------------++-------
   Fire: Sling             ||    64
 Armour: Robe              ||     5
  Dodge: Dodged            ||    29

Table legend:
 A = Non-vault XP
 B = Vault XP
 C = Vault XP percentage of total XP
 D = Non-vault monster count
 E = Vault monster count
 F = Vault count percentage of total count
                 A         B        C        D         E       F
            +---------+---------+-------+---------+---------+-------
      Total |      31 |       0 |   0.0 |      15 |       0 |   0.0
            +---------+---------+-------+---------+---------+-------
        D:1 |      28 |       0 |   0.0 |      14 |       0 |   0.0
        D:2 |       3 |       0 |   0.0 |       1 |       0 |   0.0
            +---------+---------+-------+---------+---------+-------
